 Dungeon Crawl Stone Soup version 0.29-a0-791-ga0f254aafb (webtiles) character file.

Game seed: 5765500291710360267

65 Garessta the Changer (level 3, 15/15 HPs)
             Began as a Felid Transmuter on July 3, 2022.
             Was a Follower of Ru.
             Quit the game on level 3 of the Dungeon.
             The game lasted 00:08:58 (2714 turns).

Garessta the Changer (Felid Transmuter)             Turns: 2714, Time: 00:08:59

Health: 15/15      AC:  1    Str:  8    XL:     3   Next: 92%
Magic:  7/7        EV: 21    Int: 14    God:    Ru [*.....]
Gold:   94         SH:  0    Dex: 16    Spells: 0/6 levels left
                                        Lives:  0   Deaths: 1

rFire   . . .      SeeInvis +     - Unarmed
rCold   . . .      Faith    .   (shield unavailable)
rNeg    . . .      Spirit   .   (body armour unavailable)
rPois   .          Reflect  .   (helmet unavailable)
rElec   .          Harm     .   (cloak unavailable)
rCorr   .          Rampage  .   (gloves unavailable)
Will    .....                   (boots unavailable)
Stlth   +.........              (no amulet)
HPRegen 0.05/turn               c - +4 ring of evasion
MPRegen 0.10/turn               (no ring)

@: quick
A: very small, claws 1, fangs 3, see invisible, speed 1, shaggy fur 1,
weak-willed 1, stealthy paws, no weapons or thrown items, no armour, multi-lived
a: Renounce Religion


You were on level 3 of the Dungeon.
You worshipped Ru.
Ru was aware of your devotion.
You visited 1 branch of the dungeon, and saw 3 of its levels.

You collected 94 gold pieces.

Inventory:

Jewellery
 c - a +4 ring of evasion (left paw)
Scrolls
 d - a scroll of immolation {unknown}
 f - 3 scrolls of enchant armour {unknown}
 h - a scroll of vulnerability {unknown}
 j - a scroll of amnesia {unknown}
 k - a scroll of magic mapping {unknown}
 n - a scroll of teleportation {unknown}
Potions
 a - a potion of haste
 e - a potion of might {unknown}
 g - a potion of flight {unknown}
 i - a potion of degeneration {unknown}
 m - a potion of brilliance
 o - a potion of cancellation


   Skills:
 - Level 1.0 Fighting
 - Level 2.6 Dodging
 - Level 3.0 Unarmed Combat
 - Level 2.0 Spellcasting
 * Level 4.3 Transmutations
 + Level 1.8 Air Magic
 + Level 1.8 Poison Magic


You couldn't memorise any spells.
You knew the following spells:

 Your Spells              Type           Power      Damage    Failure   Level
a - Beastly Appendage     Tmut           26%        N/A       4%          1
b - Wereblood             Tmut           13%        N/A       6%          2
c - Spider Form           Tmut/Pois      10%        N/A       21%         3

Your spell library contained the following spells:

 Spells                   Type           Power      Damage    Failure   Level
 Gell's Gravitas          Tloc           1%         N/A       56%         3
 Lesser Beckoning         Tloc           1%         N/A       56%         3
 Teleport Other           Tloc           1%         N/A       56%         3
 Ice Form                 Ice/Tmut       7%         N/A       69%         4


Dungeon Overview and Level Annotations

Branches:
Dungeon (3/15)

Altars:
Ru


Innate Abilities, Weirdness & Mutations

You have sharp claws.
You have razor-sharp teeth.
You have supernaturally acute eyesight. (SInv)
You cover ground quickly. (Speed+)
You are covered in fur. (AC +1)
You are slightly weak-willed. (Will-)
Your paws help you pounce on unaware monsters.
You are incapable of wielding weapons or throwing items.
You cannot wear armour.
You gain extra lives every three experience levels.


Message History

The puff of flame hits you!
Ouch! That really hurt!
* * * LOW HITPOINT WARNING * * *
You feel much better. The orc wizard misses you.
You scratch the orc wizard. Your headbutt misses the orc wizard.
The orc wizard is lightly wounded.
The orc wizard points at you and mumbles some strange words.
The puff of flame hits you!
You completely miss the orc wizard.
The orc wizard is lightly wounded.
Your transformation is almost over.
The orc wizard closely misses you.
You barely miss the orc wizard. You headbutt the orc wizard!
You claw the orc wizard.
The orc wizard is severely wounded.
The orc wizard misses you.
You closely miss the orc wizard. Your headbutt misses the orc wizard.
The orc wizard is severely wounded.
The orc wizard completely misses you.
You scratch the orc wizard.
The orc wizard is almost dead.
The orc wizard gestures at you while chanting.
You are confused.
You bump into the rock wall.
The orc wizard misses you.
You bump into the rock wall.
You howl as the wereblood boils in your veins!
The orc wizard completely misses you.
You bump into the rock wall.
The orc wizard casts a spell at you. The magic dart hits you!
* * * LOW HITPOINT WARNING * * *
You bump into the rock wall.
The orc wizard casts a spell at you. The magic dart hits you!
You die...
Your shape twists and changes as you die.
You are now level 3!
Your horns disappear.
You rejoin the land of the living...
Are you sure you want to abandon this character and quit the game? (Confirm with "yes".)

##....# ##'## ###..#[.###
#.#..)# ##...## #.......#
##....# ##.....## #.#.#.#.#
#.#.## ##.......## ##.#.#.#.#
##....####.........####....#.#.#
.........'.........'.......#.#.#
##....####.........####......).#
##.#.## ##.......## ##.....###
....## ##....@## ##.####
##..#### ##...## #.# ##.....#
##'## #.# ###.##.# #.# #.# #
#.##.# #.# #. ###.##.#######.##
#. ...........##...###
###.##.##.........###
#.##.##..##...#...#####.#


There were no monsters in sight!

Vanquished Creatures
  A bullfrog (D:3)
  3 adders
  2 dart slugs
  An orc (D:3)
  An endoplasm (D:2)
  6 goblins
  2 hobgoblins (D:1)
  4 jackals (D:1)
  A quokka (D:2)
  4 ball pythons
  6 bats
  3 frilled lizards
  3 kobolds
  2 rats (D:1)
39 creatures vanquished.

Notes
Turn   | Place    | Note
-------+----------+-------------------------------------------
     0 | D:1      | Garessta the Felid Transmuter began the quest for the Orb.
     0 | D:1      | Reached XP level 1. HP: 9/9 MP: 4/4
   240 | D:1      | Reached XP level 2. HP: 4/12 MP: 4/6
   722 | D:1      | Found a faded altar of an unknown god.
   739 | D:1      | Prayed at the altar of an unknown god.
   739 | D:1      | Became a worshipper of Ru the Awakened
   751 | D:1      | Gained mutation: You are slightly weak-willed. (Will-) [Ru
                  | sacrifice]
   751 | D:1      | Reached * piety under Ru
   774 | D:1      | Learned a level 2 spell: Wereblood
   940 | D:1      | Reached skill level 3 in Transmutations
  1326 | D:2      | Reached skill level 1 in Poison Magic
  1375 | D:2      | Reached skill level 1 in Air Magic
  1379 | D:2      | Reached XP level 3. HP: 12/15 MP: 4/7
  1958 | D:3      | Noticed a bullfrog
  1969 | D:3      | Learned a level 3 spell: Spider Form
  2012 | D:3      | Killed a bullfrog
  2013 | D:3      | Reached skill level 4 in Transmutations
  2013 | D:3      | Reached XP level 4. HP: 15/19 MP: 4/8
  2713 | D:3      | Killed from afar by an orc wizard
  2714 | D:3      | Reached XP level 3. HP: -5/15 MP: 7/7
  2714 | D:3      | Quit the game

Illustrated notes

Levels and vault maps discovered:
D:1:      erik_arrival_triangle_large, layout_loops_cross,
          hellmonk_ecumenical_altar_crossroads
D:2:      layout_basic
D:3:      layout_loops_corners

Skill      XL: |  1  2  3 |
---------------+----------+-----
Transmutations | 3 4 |  4.3
Poison Magic   | 1 |  1.8
Air Magic      | 1 |  1.8
Fighting       | |  1.0
Dodging        | |  2.6
Unarmed Combat | |  3.0
Spellcasting   | |  2.0

Action                   |  1- 3 |  4- 6 || total
-------------------------+-------+-------++-------
Melee: Unarmed           |    74 |    25 ||    99
       Headbutt          |    11 |     2 ||    13
       Bite              |     4 |     2 ||     6
       Punch             |     1 |     1 ||     2
 Cast: Beastly Appendage |    27 |     6 ||    33
       Spider Form       |     1 |       ||     1
       Wereblood         |       |     1 ||     1
Invok: Sacrifice Essence |     1 |       ||     1
  Use: Potion            |     1 |     1 ||     2
       Scroll            |       |     4 ||     4
 Stab: Sleeping          |     4 |       ||     4
Armor: Skin              |     5 |       ||     5
Dodge: Dodged            |    75 |    20 ||    95

Table legend: (Time is in decaauts)
 A = Elapsed time spent in this place.
 B = Non-inter-level travel time spent in this place.
 C = Inter-level travel time spent in this place.
 D = Time resting spent in this place.
 E = Time spent auto-exploring this place.
 F = Levels seen in this place.
 G = Mean time per level.
                   A        B        C        D        E       F      G
               +--------+--------+--------+--------+--------+-----+--------+
         Total |   2400 |   2392 |      8 |    352 |   1700 |   3 |  800.0 |
       Dungeon |   2400 |   2392 |      8 |    352 |   1700 |   3 |  800.0 |
               +--------+--------+--------+--------+--------+-----+--------+

Top non-repeatable levels by time:
     D:1: 1015 daAuts
     D:3: 760 daAuts
     D:2: 625 daAuts
